 Dungeon Crawl Stone Soup version 0.18.1-6-gd335043 (webtiles) character file.

9 jacquesderrida the Charmwright (level 2, 14/22 HPs)
             Began as a Demonspawn Skald on May 15, 2016.
             Quit the game on level 1 of the Dungeon.
             The game lasted 00:00:22 (218 turns).

jacquesderrida the Charmwright (Demonspawn Skald)    Turns: 218, Time: 00:00:23

Health: 14/22      AC:  3    Str: 12    XL:     2   Next: 6%
Magic:  5/5        EV: 11    Int: 13    God:
Gold:   53         SH:  0    Dex: 12    Spells: 1 memorised, 4 levels left

rFire  . . .     SeeInvis .     a - +0 spear
rCold  . . .     Gourm    .     b - +0 leather armour
rNeg   . . .     Faith    .     (no shield)
rPois  .         Spirit   .     (helmet restricted)
rElec  .         Dismiss  .     (no cloak)
rCorr  .         Reflect  .     (no gloves)
SustAt .         Harm     .     (no boots)
MR     .....                    (no amulet)
Stlth  +.........               (no ring)
                                (no ring)

@: not resistant to hostile enchantments, very unstealthy
A: antennae 1
a: no special abilities


You were on level 1 of the Dungeon.
You were not hungry.

You visited 1 branch of the dungeon, and saw 1 of its levels.

You collected 53 gold pieces.

Inventory:

Hand Weapons
 a - a +0 spear (weapon)
Armour
 b - a +0 leather armour (worn)
Scrolls
 e - 2 scrolls of enchant armour {unknown}
 f - a scroll of recharging {unknown}
 g - 3 scrolls of identify {unknown}
 h - a scroll of remove curse {unknown}
 j - a scroll of magic mapping {unknown}
Potions
 i - a potion of brilliance {unknown}
 k - a potion of mutation {unknown}
Books
 c - a book of Battle

   Spells                             Type                      Level
   a - Infusion                       Charms                       1
   b - Shroud of Golubria             Charms/Translocation         2
   c - Song of Slaying                Charms                       2
   d - Spectral Weapon                Hexes/Charms                 3
   e - Regeneration                   Charms/Necromancy            3
Comestibles
 d - a bread ration


   Skills:
 - Level 2.0 Fighting
 + Level 2.5 Polearms
 - Level 0.8 Armour
 - Level 0.8 Dodging
 - Level 2.0 Spellcasting
 - Level 2.6 Charms


You had 4 spell levels left.
You knew the following spells:

 Your Spells              Type           Power        Failure   Level  Hunger
a - Infusion              Chrm           #...         12%         1    ##.....


Dungeon Overview and Level Annotations

Branches:
Dungeon (1/15)

Altars:


Innate Abilities, Weirdness & Mutations

You have a pair of small antennae on your head.


Message History

No target in view!
You now have 53 gold pieces (gained 16).
A giant gecko comes into view.
A hobgoblin comes into view. It is wielding a club.
The hobgoblin shouts!
There are monsters nearby!
You hit the giant gecko.
The giant gecko is heavily wounded.
The giant gecko bites you.
There are monsters nearby!
You hit the giant gecko but do no damage.
The giant gecko is heavily wounded.
The giant gecko closely misses you.
There are monsters nearby!
You hit the giant gecko.
You kill the giant gecko!
You have reached level 2!
Your demonic ancestry asserts itself...
A pair of antennae grows on your head!
Are you sure you want to abandon this character and quit the game? (Confirm with "yes".)

##......###...
#........#..............
(.......................
............>...........
............................
...........................
..........#........g...#...
#........###..........# #..
#........## #@# #.# #.#
..........# #.## #.# #.#
..........# #..###.# #†#
..........# ##.##..###.##
..........## #..........#
...........# #........#.#
#........#†# #.(......#.##
.#......##.## #...........#
.#########..#####...........#


You could see a hobgoblin.

Vanquished Creatures
  A giant gecko (D:1)
  2 giant cockroaches (D:1)
  A hobgoblin (D:1)
  A giant newt (D:1)
  4 rats (D:1)
9 creatures vanquished.

Notes
Turn   | Place    | Note
--------------------------------------------------------------
     0 | D:1      | jacquesderrida the Demonspawn Skald began the quest for the Orb.
     0 | D:1      | Reached XP level 1. HP: 16/16 MP: 3/3
   217 | D:1      | Gained mutation: You have a pair of small antennae on your head. [demonic ancestry]
   217 | D:1      | Reached XP level 2. HP: 14/22 MP: 5/5
   218 | D:1      | Quit the game

Skill      XL: |  1 |
---------------+----+-----
Polearms       | 2 |  2.5
Fighting       | |  2.0
Armour         | |  0.8
Dodging        | |  0.8
Spellcasting   | |  2.0
Charms         | |  2.6

Action                   || total
-------------------------++-------
Melee: Spear             ||    44
Armor: Leather armour    ||     5
Dodge: Dodged            ||    18
